 Dungeon Crawl Stone Soup version 0.28-a0-802-g09f76e8c00 (webtiles) character file.

Game seed: 498330046941267391

655 jasper the Firebug (level 7, -8/52 HPs)
             Began as a Demonspawn Cinder Acolyte on Nov 7, 2021.
             Was an Elder of Ignis.
             Mangled by an iguana (9 damage)
             ... on level 5 of the Dungeon.
             The game lasted 00:10:04 (4828 turns).

jasper the Firebug (Demonspawn Cinder Acolyte)      Turns: 4828, Time: 00:10:05

Health: -8/52      AC:  8    Str: 15    XL:     7   Next: 29%
Magic:  0/13       EV: 11    Int: 17    God:    Ignis [****..]
Gold:   140        SH:  0    Dex:  8    Spells: 12/14 levels left

rFire   + + +      SeeInvis .   h - staff of fire
rCold   + . .      Faith    .   (no shield)
rNeg    . . .      Spirit   +   b - +0 robe
rPois   .          Reflect  .   (helmet restricted)
rElec   .          Harm     .   k - scarf {rC+ rF+}
rCorr   .          Rampage  .   (no gloves)
Will    .....                   v - +1 pair of boots
Stlth   +.........              l - amulet of magic regeneration
HPRegen 0.17/turn               n - +4 ring of protection
MPRegen 0.51/turn               (no ring)

@: no status effects
A: hooves 1, horns 2, magic shield, magic regeneration, weakness stinger 1
a: Renounce Religion, Sea of Fire, Foxfire Swarm, Rising Flame


You were on level 5 of the Dungeon.
You worshipped Ignis.
Ignis was greatly pleased with you.
You visited 1 branch of the dungeon, and saw 5 of its levels.

You collected 140 gold pieces.

Inventory:

Hand Weapons
 a - a -1 spear of flaming
 i - a +0 quarterstaff
 s - the +11 long sword "Mimyqae" {spect, *Slow rN+ SInv}
   (You took it off an orc on level 4 of the Dungeon)

   When its wielder attacks, the weapon's spirit leaps out and strikes again.
   The spirit shares a part of any damage it takes with its wielder.
   rN:        It protects you from negative energy.
   SInv:      It lets you see invisible.
   *Slow:     It may slow you when you take damage.
Armour
 b - a +0 robe (worn)
 k - a scarf of resistance (worn)
 v - a +1 pair of boots (worn)
Magical Staves
 d - a staff of air
 h - a staff of fire (weapon)
 u - a staff of poison
Jewellery
 l - an amulet of magic regeneration (around neck)
 n - a +4 ring of protection (left hand)
Wands
 r - a wand of digging (5)
 t - a wand of flame (19)
Scrolls
 j - a scroll of teleportation {unknown}
 o - a scroll of magic mapping
Potions
 c - 2 potions of degeneration
 e - a potion of brilliance
 f - a potion of cancellation {unknown}
 g - 4 potions of curing {unknown}
 m - a potion of resistance {unknown}
 p - a potion of lignification {unknown}
 q - a potion of flight {unknown}


   Skills:
 - Level 3.0 Fighting
 - Level 2.6 Polearms
 + Level 4.1 Spellcasting
 * Level 6.5 Fire Magic


You had 12 spell levels left.
You knew the following spells:

 Your Spells              Type           Power      Damage    Failure   Level
a - Scorch                Fire           76%        2d8       1%          2

Your spell library contained the following spells:

 Spells                   Type           Power      Damage    Failure   Level
 Portal Projectile        Hex/Tloc       6%         N/A       43%         3
 Blade Hands              Tmut           1%         N/A       99%         5
 Excruciating Wounds      Necr           1%         N/A       99%         5


Dungeon Overview and Level Annotations

Branches:
Dungeon (5/15)
 Temple: D:4-7

Altars:
Makhleb
Trog
Xom

Shops:
D:1 =*

Annotations:
D:4 1 runed translucent door, pigah's ghost, amateur OpWn


Innate Abilities, Weirdness & Mutations

You have large cloven feet.
You have a pair of horns on your head.
When hurt, damage is shared between your health and your magic reserves.
You regenerate magic rapidly.
You have a small tail.


Message History

MP restored: 13 The iguana bites you!
You take 8 damage, and have 36/52 hp.
You now have 11/13 mp.
The iguana completely misses you. The iguana bites you.
You take 1 damage, and have 35/52 hp.
The iguana barely misses you.
MP restored: 13 The iguana closely misses you.
The iguana bites you but does no damage.
The iguana closely misses you. The iguana closely misses you.
The iguana misses you.
The iguana bites you but does no damage.
The iguana bites you.
You take 1 damage, and have 35/52 hp.
The iguana bites you but does no damage.
The iguana bites you!
You take 8 damage, and have 27/52 hp.
You now have 9/13 mp.
The iguana barely misses you. The iguana bites you!
You take 6 damage, and have 21/52 hp.
You now have 8/13 mp.
The iguana bites you.
You take 3 damage, and have 18/52 hp.
The iguana bites you.
You take 2 damage, and have 16/52 hp.
You now have 7/13 mp.
The iguana bites you.
* * * LOW HITPOINT WARNING * * *
The iguana misses you.
The iguana bites you but does no damage.
You take 2 damage, and have 14/52 hp.
The iguana bites you!
* * * LOW HITPOINT WARNING * * *
The iguana bites you!
* * * LOW HITPOINT WARNING * * *
The iguana bites you but does no damage.
The iguana bites you.
* * * LOW HITPOINT WARNING * * *
The iguana bites you!
You die...

##########
#.).......
#.########
#<# #@#
#l..#
#.#..#
#......
#.# ..#..
#.. ...#.
#.. ...#
... ..#.


You could see an iguana.

Vanquished Creatures
  Grinder (D:4)
  An ogre (D:5)
  A centaur (D:4)
  2 jellies (D:4)
  A centaur skeleton (D:4)
  An orc wizard (D:4)
  2 adders
  6 gnolls
  A shadow imp (D:4)
  A white imp (D:4)
  2 dart slugs
  7 orcs
  3 ball pythons
  6 bats
  9 endoplasms
  3 giant cockroaches
  A hobgoblin (D:1)
  6 jackals
  6 quokkas
  2 frilled lizards (D:2)
  9 goblins
  9 kobolds
  6 rats
86 creatures vanquished.

Vanquished Creatures (others)
  30 foxfires
  5 fungi (D:1)
35 creatures vanquished.

Grand Total: 121 creatures vanquished

Notes
Turn   | Place    | Note
-------+----------+-------------------------------------------
     0 | D:1      | jasper the Demonspawn Cinder Acolyte began the quest for
                  | the Orb.
     0 | D:1      | Reached XP level 1. HP: 18/18 MP: 2/2
     7 | D:1      | Found Umpif's Jewellery Shoppe.
   146 | D:1      | Reached skill level 3 in Fire Magic
   147 | D:1      | Discovered your monstrous ancestry.
   147 | D:1      | Gained mutation: You have a small tail. [demonic ancestry]
   147 | D:1      | Reached XP level 2. HP: 14/24 MP: 4/4
   152 | D:1      | Learned a level 2 spell: Scorch
   524 | D:1      | Found a faded altar of an unknown god.
  1052 | D:1      | Found Repi's Assorted Antiques.
  1308 | D:2      | Gained mutation: You have a pair of small horns on your
                  | head. [demonic ancestry]
  1308 | D:2      | Reached XP level 3. HP: 29/29 MP: 1/5
  2160 | D:2      | Identified a scroll of acquirement
  2160 | D:2      | Acquired a staff of fire
  2654 | D:2      | Reached skill level 4 in Fire Magic
  2654 | D:2      | Gained mutation: You regenerate magic rapidly. [demonic
                  | ancestry]
  2654 | D:2      | Reached XP level 4. HP: 17/35 MP: 0/7
  3174 | D:3      | Found a shimmering altar of Xom.
  3183 | D:3      | Found a bloodstained altar of Trog.
  3601 | D:4      | Noticed a centaur
  3605 | D:4      | Killed a centaur
  3606 | D:4      | Gained mutation: You have a pair of horns on your head.
                  | [demonic ancestry]
  3606 | D:4      | Reached XP level 5. HP: 11/41 MP: 1/9
  3856 | D:4      | Reached skill level 5 in Fire Magic
  4072 | D:4      | Noticed Grinder
  4075 | D:4      | Killed Grinder
  4076 | D:4      | Gained mutation: You have large cloven feet. [demonic
                  | ancestry]
  4076 | D:4      | Reached XP level 6. HP: 47/47 MP: 6/11
  4120 | D:4      | Identified the +11 long sword "Mimyqae" {spect, *Slow rN+
                  | SInv}
  4134 | D:4      | Reached skill level 6 in Fire Magic
  4288 | D:4      | Gained mutation: When hurt, damage is shared between your
                  | health and your magic reserves. [demonic ancestry]
  4288 | D:4      | Reached XP level 7. HP: 52/52 MP: 3/12
  4498 | D:4      | Found a burning altar of Makhleb.
  4498 | D:4      | Noticed a cacodemon
  4512 | D:4      | Noticed a neqoxec
  4512 | D:4      | Noticed a hellwing
  4644 | D:4      | Found a runed translucent door.
  4645 | D:4      | Noticed pigah's ghost (amateur OpWn)
  4743 | D:5      | Entered Level 5 of the Dungeon
  4825 | D:5      | HP: 2/52 [iguana (5)]
  4828 | D:5      | Mangled by an iguana

Illustrated notes

Levels and vault maps discovered:
D:1:      lightli_arrival_chessboard, layout_loops_cross,
          shapermc_ecumenical_altar_mp_urbaneastern, serial_shops, shop, shop
D:2:      layout_rooms
D:3:      layout_rooms, mainiacjoe_overflow_catwalk_spiral
D:4:      layout_rooms, makhleb_altar_promises_db,
          ebering_ghost_reflecting_pool, dk_noncrumbling_2, uniq_grinder
D:5:      cheibrodos_fzero, layout_loops_ring,
          mainiacjoe_overflow_concentric_impassable, minmay_liquid_box,
          grunt_ministairs_14, uniq_pikel

Skill      XL: |  1  2  3  4  5  6  7 |
---------------+----------------------+-----
Fire Magic     | 3 4 5 6 |  6.5
Spellcasting   | 2 3 4 |  4.1
Fighting       | |  3.0
Polearms       | |  2.6

Action                   |  1- 3 |  4- 6 |  7- 9 || total
-------------------------+-------+-------+-------++-------
Melee: Spear             |    62 |       |       ||    62
       Tailslap          |     3 |       |     1 ||     4
       Headbutt          |     1 |       |     2 ||     3
       Staff             |       |     6 |     8 ||    14
 Cast: Scorch            |    40 |    50 |    18 ||   108
Invok: Foxfire Swarm     |     1 |     1 |       ||     2
  Use: Scroll            |     4 |     4 |       ||     8
Armor: Robe              |    11 |     3 |    11 ||    25
Dodge: Dodged            |    56 |    14 |    27 ||    97

Table legend: (Time is in decaauts)
 A = Elapsed time spent in this place.
 B = Non-inter-level travel time spent in this place.
 C = Inter-level travel time spent in this place.
 D = Time resting spent in this place.
 E = Time spent auto-exploring this place.
 F = Levels seen in this place.
 G = Mean time per level.
                   A        B        C        D        E       F      G
               +--------+--------+--------+--------+--------+-----+--------+
         Total |   4832 |   4641 |    191 |   1516 |   2450 |   5 |  966.4 |
       Dungeon |   4832 |   4641 |    191 |   1516 |   2450 |   5 |  966.4 |
               +--------+--------+--------+--------+--------+-----+--------+

Top non-repeatable levels by time:
     D:2: 1518 daAuts
     D:1: 1329 daAuts
     D:3: 975 daAuts
     D:4: 923 daAuts
     D:5: 84 daAuts
